 Dungeon Crawl Stone Soup version 0.30-a0-509-gd016549fea (webtiles) character file.

Game seed: 14013545240382736236

210 purpskrrrp the Conjurer (level 5, 0/35 HPs)
             Began as a Demonspawn Conjurer on Dec 22, 2022.
             Killed from afar by Sigmund (11 damage)
             ... with a puff of flame
             ... on level 3 of the Dungeon.
             The game lasted 00:03:48 (2791 turns).

purpskrrrp the Conjurer (Demonspawn Conjurer)       Turns: 2791, Time: 00:03:49

Health: 0/35       AC:  3    Str:  8    XL:     5   Next: 57%
Magic:  2/10       EV: 14    Int: 21    God:
Gold:   99         SH:  0    Dex: 11    Spells: 9/10 levels left

rFire   . . .      SeeInvis .    i - +1 short sword (flame)
rCold   . . .      Faith    .    (no shield)
rNeg    . . .      Spirit   .    a - +1 robe
rPois   .          Reflect  .    (no helmet)
rElec   .          Harm     .    (no cloak)
rCorr   .          Rampage  .    (no gloves)
Will    .....                    (no boots)
Stlth   +.........               (no amulet)
HPRegen 0.25/turn                (no ring)
MPRegen 0.12/turn                (no ring)

@: confused
A: hooves 1, repulsion field 1, spiny 2
a: no special abilities


You were on level 3 of the Dungeon.
You visited 1 branch of the dungeon, and saw 3 of its levels.

You collected 99 gold pieces.

Inventory:

Hand Weapons
 e - a +0 whip
 i - a +1 short sword of flaming (weapon)
Armour
 a - a +1 robe (worn)
Jewellery
 f - a ring of wizardry
Scrolls
 c - 2 scrolls of vulnerability
 o - a scroll of magic mapping
Potions
 b - 2 potions of magic
 d - 2 potions of curing
 j - a potion of attraction {unknown}
 m - a potion of brilliance {unknown}
 n - a potion of lignification {unknown}
 p - a potion of ambrosia {unknown}


   Skills:
 + Level 3.2 Dodging
 - Level 2.3 Stealth
 + Level 3.3 Spellcasting
 + Level 5.0 Conjurations


You had 9 spell levels left.
You knew the following spells:

 Your Spells              Type           Power      Damage    Failure   Level
a - Magic Dart            Conj           96%        1d7       1%          1

Your spell library contained the following spells:

 Spells                   Type           Power      Damage    Failure   Level
 Searing Ray              Conj           48%        2d6       2%          2
 Dazzling Flash           Conj/Hex       28%        N/A       14%         3
 Fulminant Prism          Conj/Hex       7%         3d7       41%         4
 Iskenderun's Mystic Bla  Conj/Tloc      14%        2d5       41%         4


Dungeon Overview and Level Annotations

Branches:
Dungeon (3/15)

Altars:
Xom

Annotations:
D:3 Sigmund


Innate Abilities, Weirdness & Mutations

You have large cloven feet.
You are surrounded by a mild repulsion field. (EV +2)
You are mostly covered in sharp spines.


Message History

The magic dart hits something but does no damage.
Something completely misses you.
The magic dart hits the endoplasm.
The endoplasm is heavily wounded.
Something hits you. Something burns you.
You are too injured to fight recklessly!
You are too injured to fight recklessly!
You are too injured to fight recklessly!
You are too injured to fight recklessly!
You are too injured to fight recklessly!
You are too injured to fight recklessly!
You are too injured to fight recklessly!
You are too injured to fight recklessly!
You are too injured to fight recklessly!
You are too injured to fight recklessly!
You are too injured to fight recklessly!
You are too injured to fight recklessly!
You are too injured to fight recklessly!
You are too injured to fight recklessly!
You are too injured to fight recklessly!
You are too injured to fight recklessly!
You are too injured to fight recklessly!
You are too injured to fight recklessly!
You are too injured to fight recklessly!
You are too injured to fight recklessly!
You are too injured to fight recklessly!
You hit the endoplasm. You burn the endoplasm.
You kill the endoplasm!
You hear some strange, mumbled words.
A puff of flame appears from out of thin air!
The puff of flame misses you.
There is an open door here.
You closely miss something.
You hear some strange, mumbled words.
You are confused.
Something hits you. Something burns you.
You hear a zap.
A puff of flame appears from out of thin air!
The puff of flame hits you!
You die...

# #. ####.##
.......
.......###
......{'.#
.......#@#
.......#.####
.......#....#
.......####.#
.......
#.######.#
#######
#.#....#.#
#.#....#.##
#.#.......#
#.#.......#


There were no monsters in sight!

Vanquished Creatures
  Natasha (thrice) (D:2)
  Robin (D:2)
  4 adders (D:2)
  2 worms (D:2)
  3 dart slugs
  7 endoplasms
  2 giant cockroaches
  8 hobgoblins
  8 jackals
  7 kobolds
  2 quokkas (D:2)
  4 ball pythons
  9 bats
  2 frilled lizards
  6 goblins (D:2)
  7 rats
75 creatures vanquished.

Notes
Turn   | Place    | Note
-------+----------+-------------------------------------------
     0 | D:1      | purpskrrrp the Demonspawn Conjurer began the quest for the
                  | Orb.
     0 | D:1      | Reached XP level 1. HP: 13/13 MP: 3/3
   326 | D:1      | Gained mutation: You are partially covered in sharp spines.
                  | [demonic ancestry]
   326 | D:1      | Reached XP level 2. HP: 19/19 MP: 1/5
   781 | D:1      | Gained mutation: You are mostly covered in sharp spines.
                  | [demonic ancestry]
   781 | D:1      | Reached XP level 3. HP: 24/24 MP: 2/6
  1258 | D:2      | Gained mutation: You are surrounded by a mild repulsion
                  | field. (EV +2) [demonic ancestry]
  1258 | D:2      | Reached XP level 4. HP: 30/30 MP: 7/7
  1362 | D:2      | Noticed Natasha
  1371 | D:2      | Killed Natasha
  1734 | D:2      | Found a shimmering altar of Xom.
  1865 | D:2      | Noticed Natasha
  1876 | D:2      | Killed Natasha
  1877 | D:2      | Gained mutation: You have large cloven feet. [demonic
                  | ancestry]
  1877 | D:2      | Reached XP level 5. HP: 25/35 MP: 0/9
  1878 | D:2      | Noticed Robin
  1887 | D:2      | Killed Robin
  1954 | D:2      | Found a faded altar of an unknown god.
  2280 | D:2      | Noticed Natasha
  2288 | D:2      | Killed Natasha
  2289 | D:2      | Reached skill level 5 in Conjurations
  2775 | D:3      | Noticed Sigmund
  2791 | D:3      | Killed from afar by Sigmund

Illustrated notes

Levels and vault maps discovered:
D:1:      wander_arrival_abandoned_jail, layout_loops_cross
D:2:      minmay_skewed_foursquare, layout_loops_ring,
          ebering_ecumenical_altar_abandoned, basic_altar, uniq_robin,
          uniq_natasha
D:3:      layout_basic, nrook_campfire, serial_bayou_ford_a, uniq_sigmund,
          uniq_ijyb

Skill      XL: |  1  2  3  4  5 |
---------------+----------------+-----
Stealth        | 2 |  2.3
Dodging        | 2 3 |  3.2
Spellcasting   | 3 |  3.3
Conjurations   | 5 |  5.0

Action                   |  1- 3 |  4- 6 || total
-------------------------+-------+-------++-------
Melee: Unarmed           |    46 |       ||    46
       Punch             |     1 |       ||     1
       Whip              |    10 |       ||    10
       Short sword       |       |    30 ||    30
       Kick              |       |     2 ||     2
 Cast: Magic Dart        |    41 |    82 ||   123
  Use: Scroll            |     2 |     5 ||     7
       Potion            |     1 |       ||     1
 Stab: Invisible         |     1 |       ||     1
Armor: Robe              |    12 |     2 ||    14
Dodge: Dodged            |    42 |    22 ||    64

Table legend: (Time is in decaauts)
 A = Elapsed time spent in this place.
 B = Non-inter-level travel time spent in this place.
 C = Inter-level travel time spent in this place.
 D = Time resting spent in this place.
 E = Time spent auto-exploring this place.
 F = Levels seen in this place.
 G = Mean time per level.
                   A        B        C        D        E       F      G
               +--------+--------+--------+--------+--------+-----+--------+
         Total |   2806 |   2716 |     90 |    200 |   2152 |   3 |  935.3 |
       Dungeon |   2806 |   2716 |     90 |    200 |   2152 |   3 |  935.3 |
               +--------+--------+--------+--------+--------+-----+--------+

Top non-repeatable levels by time:
     D:2: 1563 daAuts
     D:1: 1056 daAuts
     D:3: 186 daAuts
